 Dungeon Crawl Stone Soup version 0.31.0-12-g77e489cdc1 (webtiles) character file.

Game seed: 7484089120091519286

3775 hawla the Cleaver (level 9, 0/70 HPs)
             Began as a Minotaur Fighter on Feb 20, 2024.
             Was an Initiate of Yredelemnul.
             Slain by a chaos spawn (4 damage)
             ... summoned by a kobold demonologist
             ... on level 9 of the Dungeon.
             The game lasted 00:16:41 (5881 turns).

hawla the Cleaver (Minotaur Fighter)                Turns: 5881, Time: 00:16:42

Health: 0/70       AC: 13    Str: 25    XL:     9   Next: 95%
Magic:  8/8        EV:  8    Int:  5    God:    Yredelemnul [......]
Gold:   274        SH: 13    Dex: 10    Spells: 8/8 levels left

rFire   . . .        a - +0 war axe
rCold   + . .        x - +0 tower shield
rNeg    . . .        f - +1 chain mail
rPois   .            (helmet restricted)
rElec   .            (no cloak)
rCorr   .            D - +1 pair of gloves
SInv    .            (no boots)
Will    .....        e - amulet of regeneration Stlth
                     j - ring of protection from cold
HPRegen 1.11/turn    (no ring)
MPRegen 0.11/turn

%: no passive effects
@: about to teleport, spiked
A: horns 2, retaliatory headbutt
a: Renounce Religion, Recall Undead Harvest


You were on level 9 of the Dungeon.
You worshipped Yredelemnul.
Yredelemnul was noncommittal.
You visited 2 branches of the dungeon, and saw 10 of its levels.

You collected 474 gold pieces.
You spent 200 gold pieces at shops.

Inventory:

Hand Weapons
 a - a +0 war axe (weapon)
Missiles
 h - 10 poisoned darts (quivered)
 H - 2 curare-tipped darts
Armour
 f - a +1 chain mail (worn)
 x - a +0 tower shield (worn)
 D - a +1 pair of gloves (worn)
Jewellery
 e - an amulet of regeneration (around neck)
 j - a ring of protection from cold (left hand)
 A - a ring of poison resistance
Wands
 o - a wand of acid (8)
 B - a wand of iceblast (13)
 K - a wand of digging (9)
Scrolls
 g - 4 scrolls of fog
 k - 3 scrolls of poison
 l - 3 scrolls of teleportation
 s - 2 scrolls of revelation
 t - a scroll of brand weapon {unknown}
 u - a scroll of torment
 v - 2 scrolls of immolation {unknown}
 w - a scroll of silence {unknown}
 y - 2 scrolls of acquirement {unknown}
 E - a scroll of blinking {unknown}
 I - a scroll of identify
Potions
 b - a potion of enlightenment {unknown}
 c - a potion of berserk rage {unknown}
 d - 2 potions of might
 m - a potion of lignification {unknown}
 n - 2 potions of curing
 p - 3 potions of attraction {unknown}
 q - 3 potions of mutation {unknown}
 r - a potion of invisibility {unknown}
 z - a potion of heal wounds
 C - a potion of ambrosia {unknown}
 F - a potion of haste {unknown}
 G - a potion of brilliance {unknown}


   Skills:
 - Level 3.6 Fighting
 + Level 14.5 Axes
 - Level 5.0 Armour
 - Level 5.0 Dodging
 - Level 7.0 Shields


You had 8 spell levels left.
You didn't know any spells.
Your spell library was empty.

Dungeon Overview and Level Annotations

Branches:
Dungeon (9/15)             Temple (1/1) D:5
   Lair: D:8-11         Orc: D:9-12

Altars:
Ashenzari
Cheibriados
Dithmenos
Fedhas
Gozag
Hepliaklqana
Kikubaaqudgha
Makhleb
Nemelex Xobeh
Okawaru
Qazlal
Ru
Sif Muna
Uskayaw
Wu Jian
Xom
Yredelemnul
Zin
The Shining One

Shops:
D:1 **(   D:5 =

Annotations:
D:4 2 transporters, gummybears's ghost, amateur DsIE
D:8 3 runed translucent doors, puppykicker's ghost, novice DgSh


Innate Abilities, Weirdness & Mutations

You have a pair of horns on your head.
You reflexively headbutt those who attack you in melee.


Message History

You block the kobold demonologist's attack. x2
The kobold brigand closely misses you. You block the red devil's attack.
Unknown command.
You barely miss the kobold demonologist.
The kobold demonologist is severely wounded.
You hit the kobold brigand.
You hit the kobold demonologist but do no damage.
You hit the kobold.
You feel sick. You block the kobold brigand's attack.
The kobold demonologist hits you but does no damage.
You are more poisoned.
You block the kobold demonologist's attack.
You block the kobold's attack.
The chaos spawn splatters into many small globs of multi-coloured light, then recombines.
The red devil hits you from afar with a +0 trident!
* * * LOW HITPOINT WARNING * * *
Barbed spikes become lodged in your body.
You feel better. You block the crimson imp's attack.
You block the kobold brigand's attack.
The kobold demonologist hits you with a +0 dagger.
You block the kobold demonologist's attack.
The iron imp lashes its tail.
You block the kobold's attack.
The red devil hits you from afar with a +0 trident!
* * * LOW HITPOINT WARNING * * *
Barbed spikes become lodged in your body.
As you read the scroll of fear, it crumbles to dust.
You assume a fearsome visage.
The red devil looks frightened!
The iron imp looks frightened!
The wyvern looks frightened!
The crimson imp looks frightened!
The iron imp looks frightened!
The kobold demonologist looks frightened!
The kobold looks frightened!
The kobold demonologist looks frightened!
The kobold brigand looks frightened! x2; The crimson imp blinks!
Okay, then.
As you read the scroll of teleportation, it crumbles to dust.
You feel strangely unstable.
The crimson imp blinks!
The chaos spawn bites you!
* * * LOW HITPOINT WARNING * * *
The chaos spawn freezes you. You resist.
You die...
Your body rises from the dead as a mindless zombie.

.# . ..### . ##
..... ... ###.
#..# ....##5
.##..#
....K.4##.K..#
%..4...@..#..#
........§.#>.##
#...K.).)..)..##
....K5$K.......#
##.#....k.#....#
# ######..))..#
###)...# .
#...§#...
#...))...#


You could see 2 kobold demonologists, a red devil (summoned, fleeing), a chaos
spawn (summoned), a wyvern (fleeing), 2 kobold brigands, 2 iron imps and a
kobold (fleeing).

Vanquished Creatures
  An ugly thing (D:8)
  Grinder (D:5)
  A hornet (D:8)
  2 steam dragons (D:8)
  An ice beast (D:5)
  2 sky beasts
  A centaur (D:7)
  2 kobold brigands (D:8)
  2 bullfrogs
  A gnoll sergeant (D:6)
  3 scorpions
  5 wights (D:7)
  2 howler monkeys
  2 hounds
  A jelly (D:4)
  An orc priest (D:4)
  A gnoll bouda (D:7)
  Jessica (D:2)
  3 iguanas
  2 orc wizards (D:4)
  8 adders
  8 gnolls
  A shadow imp (D:7)
  A white imp (D:5)
  7 ribbon worms
  A dart slug (D:1)
  16 orcs
  6 ball pythons
  7 endoplasms
  A giant cockroach (D:1)
  5 goblins
  6 hobgoblins
  17 kobolds
  3 bats
  A frilled lizard (D:1)
  7 rats
130 creatures vanquished.

Vanquished Creatures (collateral kills)
  A kobold demonologist (D:9)
  A water moccasin (D:5)
  A black bear (D:6)
  An orc warrior (D:9)
  2 centaurs (D:9)
  3 wights (D:9)
  A sleepcap (D:6)
  An iguana (D:5)
  An orc wizard (D:9)
  An adder (D:6)
  A gnoll (D:6)
  A shadow imp (D:6)
  2 white imps
  3 orcs
  A kobold (D:9)
21 creatures vanquished.

Vanquished Creatures (others)
  A wight (D:9)
  A scorpion zombie (D:6)
  A hound zombie (D:7)
  A howler monkey zombie (D:6)
  2 gnoll zombies
  A steam dragon zombie (D:8)
  7 kobold zombies (D:8)
14 creatures vanquished.

Grand Total: 165 creatures vanquished

Notes
Turn   | Place    | Note
-------+----------+-------------------------------------------
     0 | D:1      | hawla the Minotaur Fighter began the quest for the Orb.
     0 | D:1      | Reached XP level 1. HP: 19/19 MP: 0/0
    11 | D:1      | Found Sutoz's Antique Weapon Boutique.
   323 | D:1      | Reached XP level 2. HP: 26/26 MP: 1/1
   426 | D:1      | Reached skill level 1 in Dodging
   432 | D:1      | Found Dumpeppynaa's General Store.
   476 | D:1      | Found Ipluz's Assorted Antiques.
   484 | D:1      | Bought a scroll labelled TIHATY RIUHOGU for 29 gold pieces
   954 | D:2      | Noticed Jessica
   966 | D:2      | Killed Jessica
   967 | D:2      | Reached XP level 3. HP: 28/31 MP: 2/2
  1095 | D:2      | You fall into a shaft and drop 1 floor!
  1095 | D:3      | Found a broken altar of Ashenzari.
  1125 | D:3      | Found a sacrificial altar of Ru.
  1670 | D:2      | Reached XP level 4. HP: 39/39 MP: 3/3
  2286 | D:3      | Found a faded altar of an unknown god.
  2290 | D:3      | Found a burning altar of Makhleb.
  2560 | D:1      | Bought a scroll of identify for 58 gold pieces
  2560 | D:1      | Bought a scroll labelled GEFAOCL ROMYIMN for 29 gold pieces
  2560 | D:1      | Bought a scroll labelled RABUUWNEOL for 29 gold pieces
  2560 | D:1      | Bought a scroll labelled JOXTOJUGOI for 29 gold pieces
  2560 | D:1      | Bought a coppery potion for 26 gold pieces
  2630 | D:4      | Reached skill level 5 in Armour
  2630 | D:4      | Reached skill level 5 in Shields
  2630 | D:4      | Reached XP level 5. HP: 25/45 MP: 4/4
  2801 | D:4      | Reached XP level 6. HP: 51/51 MP: 5/5
  3111 | D:4      | Found a transporter.
  3123 | D:4      | Found a transporter.
  3128 | D:4      | Noticed gummybears's ghost (amateur DsIE)
  3216 | D:5      | Entered Level 5 of the Dungeon
  3243 | D:5      | Reached skill level 5 in Dodging
  3335 | D:5      | Noticed an ice beast
  3339 | D:5      | Killed an ice beast
  3340 | D:5      | Reached skill level 3 in Axes
  3356 | D:5      | Noticed Grinder
  3360 | D:5      | Paralysed by Grinder for 3 turns
  3365 | D:5      | Reached skill level 4 in Axes
  3370 | D:5      | Paralysed by Grinder for 3 turns
  3375 | D:5      | Killed Grinder
  3376 | D:5      | Reached skill level 5 in Axes
  3376 | D:5      | Reached XP level 7. HP: 42/57 MP: 6/6
  3409 | D:5      | Found a staircase to the Ecumenical Temple.
  3425 | Temple   | Entered the Ecumenical Temple
  3438 | Temple   | Became a worshipper of Yredelemnul the Dark
  3488 | D:5      | Found Tulonet's Jewellery Shop.
  3837 | D:5      | Reached skill level 6 in Axes
  3915 | D:6      | Reached * piety under Yredelemnul
  3916 | D:6      | Reached skill level 7 in Axes
  3916 | D:6      | Reached XP level 8. HP: 64/64 MP: 7/7
  4075 | D:6      | Reached skill level 8 in Axes
  4167 | D:6      | Found a sparkling altar of Nemelex Xobeh.
  4364 | D:7      | Reached skill level 9 in Axes
  4391 | D:7      | Reached skill level 10 in Axes
  4581 | D:7      | Found an ornate altar of the Wu Jian Council.
  4700 | D:7      | Reached skill level 11 in Axes
  4916 | D:8      | Reached XP level 9. HP: 59/70 MP: 8/8
  4966 | D:8      | Found a runed translucent gate.
  4966 | D:8      | Found a runed translucent gate.
  4966 | D:8      | Noticed puppykicker's ghost (novice DgSh)
  4966 | D:8      | Noticed a ten-headed hydra
  4967 | D:8      | Found a runed translucent gate.
  5160 | D:8      | Noticed a red ugly thing
  5166 | D:8      | Reached skill level 12 in Axes
  5170 | D:8      | Killed a red ugly thing
  5350 | D:8      | Reached skill level 13 in Axes
  5863 | D:9      | Reached skill level 14 in Axes
  5863 | D:9      | Noticed a kobold demonologist
  5866 | D:9      | Noticed a kobold demonologist
  5868 | D:9      | Noticed a kobold demonologist
  5869 | D:9      | Noticed a red devil
  5870 | D:9      | Noticed a rust devil
  5870 | D:9      | Killed a kobold demonologist
  5881 | D:9      | Slain by a chaos spawn

Illustrated notes

Levels and vault maps discovered:
D:1:      lightli_arrival_flooded_house, layout_loops_corners, serial_shops,
          nicolae_shop_getting_attention, shop, nicolae_shop_overgrown_old_shop,
          chequers_serial_rivers_small_3
D:2:      layout_basic, chequers_mini_garden, minmay_pentomino_pile,
          uniq_jessica
D:3:      layout_loops_corners, mainiacjoe_overflow_brackets,
          mainiacjoe_overflow_boulevard, nicolae_overflow_ecumenical_swirl,
          chequers_garden
D:4:      layout_cave_pools, gammafunk_ghost_gnarly_gnolls
D:5:      layout_basic, minmay_temple_entry_antechambers, serial_shops,
          nicolae_shop_gaudy_bauble, hangedman_decor_points, uniq_grinder
D:6:      layout_basic, nemelex_spade_bored_becter
D:7:      layout_rooms, lemuel_doored_altar, ebering_dispersal_statue_hall
D:8:      layout_basic, gammafunk_ghost_hydra_chop
D:9:      layout_rooms, mainiacjoe_overflow_alcove_2, lair_entry_dummy,
          corner_web_ring, kennysheep_crisscross, kb_lookout_dungeons_type,
          uniq_harold
Temple:   nicolae_temple_ecumenical_triangle

Skill      XL: |  1  2  3  4  5  6  7  8  9 |
---------------+----------------------------+-----
Dodging        | 1 2 3 4 5 |  5.0
Shields        | 4 5 6 7 |  7.0
Armour         | 4 5 |  5.0
Axes           | 5 7 11 14 | 14.5
Fighting       | |  3.6

Action                     |  1- 3 |  4- 6 |  7- 9 || total
---------------------------+-------+-------+-------++-------
  Melee: War axe           |    73 |   128 |   190 ||   391
         Headbutt          |     7 |    23 |    42 ||    72
  Throw: Dart              |       |     3 |       ||     3
    Use: Potion            |     2 |     1 |     1 ||     4
         Scroll            |     5 |     5 |     5 ||    15
   Stab: Distracted        |       |       |     2 ||     2
 Armour: Scale mail        |    13 |       |       ||    13
         Chain mail        |    40 |   116 |   141 ||   297
  Dodge: Dodged            |    37 |    58 |    56 ||   151
  Block: Buckler           |    20 |    28 |       ||    48
         Tower shield      |       |    36 |   179 ||   215
